 Dungeon Crawl Stone Soup version 0.17-a0-1-g1f4be75 (webtiles) character file.

275085 grisnicke the Black Belt (level 20, -24/118 HPs)
             Began as a Vine Stalker Monk on Mar 5, 2015.
             Was the Champion of Cheibriados.
             Annihilated by a vault warden
             ... wielding a +0 halberd
              (27 damage)
             ... on level 3 of the Vaults on Mar 7, 2015.
             The game lasted 04:19:12 (38216 turns).

grisnicke the Black Belt (Vine Stalker Monk)       Turns: 38216, Time: 04:19:12

Health: -24/118    AC: 34    Str: 34    XL:     20   Next: 33%
Magic:  0/35       EV: 22    Int: 25    God:    Cheibriados [******]
Gold:   754        SH:  0    Dex: 40    Spells: 3 memorised, 9 levels left

rFire  + + .     SeeInvis +       - Unarmed
rCold  . . .     Clarity  .     W - +5 plate armour of Awnam {rPois rF++ Regen+ Slay+3}
rNeg   . . .     SustAb   .     (no shield)
rPois  +         Gourm    .     k - +2 helmet
rElec  .         Spirit   +     J - +2 cloak of the Guardian {+Inv MR+}
rCorr  .         Warding  .     D - +2 pair of gloves
rMut   +         Stasis   .     l - +2 pair of boots
MR     +++..                    O - amulet of resist mutation
Stlth  ..........               d - ring of see invisible
                                e - +4 ring of dexterity

@: very slow, extremely resistant to hostile enchantments, extremely unstealthy
A: fangs 3, regeneration 3, robust 1, magic shield, antimagic bite, no device
heal 3, rot immunity
a: Bend Time, Temporal Distortion, Slouch, Step From Time, Renounce Religion,
Evoke Invisibility
}: 2/15 runes: decaying, serpentine


You were on level 3 of the Vaults.
You worshipped Cheibriados.
Cheibriados was exalted by your worship.
You were hungry.

You visited 7 branches of the dungeon, and saw 41 of its levels.
You also visited: Ice Cave.

You collected 3861 gold pieces.
You spent 3107 gold pieces at shops.

Inventory:

Hand weapons
 b - a +4 blowgun
Missiles
 g - 3 javelins of returning
 G - 19 curare-tipped needles
 H - 39 tomahawks (quivered)
 X - 4 throwing nets
Armour
 k - a +2 helmet (worn)
 l - a +2 pair of boots (worn)
 D - a +2 pair of gloves (worn)
 J - the +2 cloak of the Guardian (worn) {+Inv MR+}
   (You acquired it on level 13 of the Dungeon)

   It affects your resistance to hostile enchantments.
   It lets you turn invisible.
 W - the +5 plate armour of Awnam (worn) {rPois rF++ Regen+ Slay+3}
   (You bought it in a shop on level 4 of the Orcish Mines)

   It affects your accuracy and damage with ranged weapons and melee attacks
   (+3).
   It greatly protects you from fire.
   It protects you from poison.
   It increases your rate of regeneration.
Jewellery
 d - a ring of see invisible (right hand)
 e - a +4 ring of dexterity (left hand)
 f - an uncursed ring of wizardry
 p - an uncursed ring of flight
 O - an amulet of resist mutation (around neck)
Magical devices
 c - a wand of fire (2)
 o - a wand of teleportation (5)
 w - a wand of slowing (7)
 y - a wand of draining (3)
 K - a wand of teleportation (4)
 Q - a wand of cold (3)
 S - a wand of fire (8)
 T - a wand of disintegration (10)
 V - a wand of digging (16)
 Y - a wand of cold (9)
 Z - a wand of invisibility (4)
Scrolls
 h - 3 scrolls of blinking
 n - 2 scrolls of holy word
 x - 3 scrolls of teleportation
 z - 7 scrolls of fog
 B - 5 scrolls of recharging
 F - 11 scrolls of remove curse
 L - a scroll of enchant armour
 M - 6 scrolls of identify
 U - 4 scrolls of fear
Potions
 i - 14 potions of curing
 j - 3 potions of agility
 q - 2 potions of brilliance
 r - a potion of resistance
 t - a potion of magic
 u - 2 potions of lignification
 v - a potion of cancellation
 E - 2 potions of might
 I - 4 potions of invisibility
 N - 5 potions of restore abilities
Miscellaneous
 P - a sack of spiders {used: 2}
 R - a phial of floods
Comestibles
 a - 27 fruits
 m - a royal jelly
 A - 25 bread rations
 C - 3 meat rations


   Skills:
 + Level 12.7 Fighting
 - Level 6.9 Throwing
 - Level 12.3 Armour
 - Level 11.4 Dodging
 - Level 2.4 Stealth
 - Level 18.2 Unarmed Combat
 - Level 2.0 Spellcasting
 - Level 8.1 Hexes
 + Level 4.9 Charms
 - Level 7.0 Translocations
 - Level 10.1 Transmutations
 - Level 6.0 Earth Magic
 - Level 12.0 Invocations
 - Level 6.2 Evocations


You had 9 spell levels left.
You knew the following spells:

 Your Spells              Type           Power        Failure   Level  Hunger
a - Enslavement           Hex            #####...     21%         4    ####...
b - Control Teleport      Chrm/Tloc      ####......   63%         4    ####...
c - Statue Form           Trmt/Erth      #####....    100%        6    #######


Dungeon Overview and Level Annotations

Branches:
Dungeon (15/15)            Temple (1/1) D:6            Lair (8/8) D:9
  Swamp (5/5) Lair:3        Snake (5/5) Lair:3        Slime (0/6) Lair:7
    Orc (4/4) D:10            Elf (0/3) Orc:3        Vaults (3/5) D:13
  Crypt (0/3) Vaults:2     Depths (0/5) D:15

Altars:
Ashenzari
Cheibriados
Dithmenos
Fedhas
Gozag
Kikubaaqudgha
Makhleb
Nemelex Xobeh
Okawaru
Qazlal
Ru
Sif Muna
Trog
Yredelemnul
Zin
Beogh

Shops:
D:5 (   D:6 (   D:12 *   D:13 ?   Orc:3 *   Orc:4 ??[(   Snake:1 *   Snake:2 [

Annotations:
D:3 Purgy, Sigmund
D:4 Pikel
Lair:2 Nergalle
Lair:4 exclusion: oklob plant
Lair:5 exclusions: basilisk and hydra
Lair:7 exclusions: 3 death yaks and 4 more exclusions


Innate Abilities, Weirdness & Mutations

You have razor-sharp teeth.
You regenerate.
When hurt, damage is shared between your health and your magic reserves.
Your bite disrupts and absorbs the magic of your enemies.
Potions and wands cannot restore your health.
You are immune to rotting.
You are robust (+10% HP).


Message History

The vault warden is heavily wounded.
The vault warden hits you with a great sword!
You pummel the vault warden!! You bite the vault warden!
The vault warden's magic leaks into the air.
You drain its magic.
You feel invigorated.
The vault warden is almost dead.
The vault warden hits you from afar with a halberd!!
Unknown command.
You punch the vault warden!
You kill the vault warden!
Cheibriados appreciates the change of pace.
The vault warden hits you with a halberd!!!
* * * LOW HITPOINT WARNING * * *
The vault guard hits you with a war axe of freezing!
* * * LOW HITPOINT WARNING * * *
The vault guard freezes you.
* * * LOW HITPOINT WARNING * * *
The vault warden activates a sealing rune.
The vault warden hits you with a halberd!!
You die...

############.#..#...#
......#.....##'##'####
.....#.....#.#..#...#
....#.....#.#..#...#
...#.....#########'
..#.....+.#.......
#######)#.....#.#.8.....
#.....pp+.....#.#.......
#.....#@#######'###'####
#.... #p......#.#..#...#
#... #......?#.#..#...#
#.. #.......##'######' .
#.......#.#..#...#
#.......##########
########


You could see a vault warden and 2 vault guards.

Vanquished Creatures
  the Lernaean hydra (Swamp:5)
  Saint Roka (Orc:4)
  Asterion (Snake:4)
  Rupert (D:14)
  Agnes (Swamp:5)
  Kirke (D:15)
  Roxanne (D:15)
  2 frost giants (Vaults:3)
  Wiglaf (Swamp:5)
  4 vault wardens
  A deep elf sorcerer (Vaults:1)
  6 greater nagas
  Aizul (Swamp:3)
  4 ironheart preservers
  3 stone giants (Vaults:2)
  2 green draconians (Swamp:1)
  A dire elephant (D:15)
  3 deep elf annihilators
  A deep elf death mage (Vaults:1)
  7 vault guards
  A great orb of eyes (Vaults:2)
  A fire dragon (Vaults:3)
  A yaktaur captain (Vaults:1)
  8 ogre magi
  Fannar (Lair:2)
  Harold (D:15)
  35 hydras
  21 naga warriors
  An ice dragon (Vaults:2)
  5 ghost crabs
  Erica (D:15)
  9 centaur warriors
  5 death yaks
  9 alligators
  A deep troll earth mage (Vaults:3)
  6 anacondas
  10 naga sharpshooters
  An orc high priest (Orc:4)
  A vampire mage (Vaults:2)
  7 shock serpents
  3 deep elf knights
  4 iron golems (D:13)
  A fire crab (Vaults:3)
  9 skeletal warriors
  16 swamp dragons
  2 salamander mystics
  4 unseen horrors
  A lindwurm (Lair:8)
  8 ironbrand convokers
  7 hill giants
  6 mana vipers
  A necromancer (Vaults:2)
  4 naga ritualists
  A wizard (Vaults:1)
  2 shambling mangroves
  3 wolf spiders
  6 griffons
  4 orc knights
  6 cyclopes
  3 deep elf conjurers
  22 ugly things
  5 elephants (Lair:6)
  3 manticores (D:13)
  11 salamanders
  2 orc sorcerers
  2 hornets
  A smoke demon (Orc:4)
  3 centaur zombies
  An octopode (shapeshifter) (Vaults:2)
  14 spiny frogs
  20 black mambas
  2 guardian serpents (Snake:3)
  2 vault sentinels
  2 centaur skeletons
  A torpor snail (Lair:4)
  26 naga magi
  A gargoyle (D:13)
  2 efreet
  5 orange demons (D:13)
  7 yaktaurs (Vaults:2)
  4 kobold demonologists
  3 spriggan druids
  A tengu conjurer (D:13)
  A fire drake (Lair:7)
  4 komodo dragons
  A deep elf priest (Vaults:2)
  8 trolls
  A two-headed ogre (shapeshifter) (Vaults:2)
  9 polar bears
  12 giant leeches
  23 slime creatures
  6 two-headed ogres
  7 ravens
  18 blink frogs
  8 bog bodies
  3 boulder beetles
  A spectral ghost crab (Swamp:4)
  A harpy skeleton (D:14)
  18 spriggans
  4 basilisks
  6 redbacks (Lair:8)
  A flying skull (Vaults:2)
  3 shadows
  A trapdoor spider (shapeshifter) (Vaults:1)
  2 trapdoor spiders (D:13)
  8 deep elf magi
  16 yaks
  A wraith (Vaults:2)
  A hungry ghost (D:14)
  2 wyverns
  A hog (shapeshifter) (Vaults:2)
  7 deep elf fighters
  Grum (D:13)
  A hog (D:15)
  A spectral raven (Swamp:4)
  50 vampire mosquitoes
  28 swamp worms
  38 wolves
  6 hippogriffs
  12 insubstantial wisps
  2 wargs
  Edmund (Orc:1)
  A soldier ant (Orc:4)
  Menkaure (D:7)
  A naga (shapeshifter) (D:15)
  38 water moccasins
  A mottled dragon (D:14)
  15 porcupines
  3 sky beasts
  11 black bears
  5 phantoms
  22 swamp drakes
  An eye of draining (D:12)
  49 nagas
  29 orc warriors
  13 wasps
  27 ogres
  19 centaurs
  16 ice beasts
  A boggart (Vaults:1)
  4 big kobolds
  2 boring beetles
  A brain worm (D:12)
  21 crocodiles
  23 giant frogs
  6 killer bees (D:8)
  10 scorpions
  An electric eel (Lair:5)
  8 wights
  9 crimson imps
  2 goliath beetles (D:7)
  9 hounds
  4 jellies
  2 hell rats (Lair:1)
  32 orc priests
  28 orc wizards
  5 iguanas
  A spectral swamp drake (Swamp:4)
  A killer bee zombie (D:10)
  10 worker ants
  Ijyb (D:4)
  Jessica (D:3)
  12 sheep
  A hound skeleton (D:4)
  A worker ant zombie (D:6)
  2 mummies
  60 river rats
  2 giant mites
  19 adders
  A shadow imp (D:14)
  2 worms
  An adder zombie (D:7)
  4 giant geckos
  186 orcs
  2 ball pythons (D:4)
  A bat skeleton (D:4)
  A bat zombie (D:6)
  9 giant cockroaches
  A giant cockroach (shapeshifter) (Orc:4)
  17 goblins
  18 hobgoblins
  27 kobolds
  14 bats
  A giant gecko skeleton (D:5)
  4 giant newts
  5 giant spores
  15 jackals
  2 jackal skeletons
  6 quokkas
  14 rats
  23 ballistomycetes
  A plant (Lair:6)
1599 creatures vanquished.

Vanquished Creatures (collateral kills)
  Sonja (D:15)
  2 nagas (Snake:4)
  2 orcs (Orc:4)
5 creatures vanquished.

Vanquished Creatures (others)
  A hill giant (D:10)
  A naga mage (Snake:5)
  A mottled dragon (D:15)
  2 water elementals
  A trapdoor spider (Swamp:3)
  4 humans (D:15)
  2 giant mites (Swamp:3)
  2 giant spores
  A bush (D:5)
  2 fungi
  18 plants
35 creatures vanquished.

Grand Total: 1639 creatures vanquished

Notes
Turn   | Place    | Note
--------------------------------------------------------------
     0 | D:1      | grisnicke, the Vine Stalker Monk, began the quest for the Orb.
     0 | D:1      | Reached XP level 1. HP: 11/11 MP: 1/1
   227 | D:1      | Found a sparkling altar of Nemelex Xobeh.
   382 | D:1      | Reached XP level 2. HP: 11/16 MP: 3/3
   910 | D:1      | Reached skill level 1 in Spellcasting
  1099 | D:2      | Reached XP level 3. HP: 13/19 MP: 3/5
  1305 | D:2      | Found an iron altar of Okawaru.
  1507 | D:2      | Reached skill level 5 in Unarmed Combat
  2117 | D:3      | Noticed Jessica
  2143 | D:3      | Killed Jessica
  2143 | D:3      | Reached XP level 4. HP: 13/23 MP: 3/7
  2470 | D:3      | Reached XP level 5. HP: 8/27 MP: 8/11
  2594 | D:3      | Noticed Purgy
  2668 | D:3      | Noticed Sigmund
  2761 | D:3      | Reached skill level 6 in Unarmed Combat
  3065 | D:3      | Gained mutation: You heal very quickly. [vine stalker growth]
  3065 | D:3      | Reached XP level 6. HP: 32/32 MP: 12/12
  3450 | D:4      | Found a deep blue altar of Sif Muna.
  3487 | D:4      | Reached skill level 7 in Unarmed Combat
  3573 | D:4      | Noticed Pikel
  3667 | D:4      | Reached XP level 7. HP: 36/36 MP: 14/14
  3908 | D:4      | Got a pitted dagger
  3920 | D:4      | Identified the cursed +3 dagger of Quasoid {venom, rF+ rN+ MR- SInv} (You found it on level 4 of the Dungeon)
  3961 | D:4      | Noticed Ijyb
  4027 | D:4      | Killed Ijyb
  4341 | D:5      | Entered Level 5 of the Dungeon
  4363 | D:5      | Found Sossuq's Antique Weapon Boutique.
  4408 | D:5      | Gained mutation: You are robust (+10% HP). [potion of beneficial mutation]
  4682 | D:5      | Reached skill level 8 in Unarmed Combat
  4744 | D:5      | Gained mutation: You have razor-sharp teeth. [vine stalker growth]
  4744 | D:5      | Reached XP level 8. HP: 40/46 MP: 16/16
  4782 | D:5      | Found a blossoming altar of Fedhas.
  5229 | D:6      | Reached skill level 5 in Fighting
  5297 | D:6      | Found Vingya's Weapon Emporium.
  5532 | D:6      | Found a staircase to the Ecumenical Temple.
  5628 | Temple   | Entered the Ecumenical Temple
  5637 | Temple   | Became a worshipper of Cheibriados the Contemplative
  5637 | Temple   | Acquired Cheibriados' first power
  5754 | D:6      | Found a shattered altar of Ashenzari.
  5769 | D:6      | Found a shadowy altar of Dithmenos.
  5819 | D:6      | Found a sacrificial altar of Ru.
  5984 | D:5      | Reached skill level 5 in Invocations
  5984 | D:5      | Reached XP level 9. HP: 51/51 MP: 17/19
  6004 | D:6      | Found a basalt altar of Yredelemnul.
  6316 | D:7      | Reached skill level 9 in Unarmed Combat
  6621 | D:7      | Acquired Cheibriados' second power
  6746 | D:7      | Noticed Menkaure
  6752 | D:7      | Killed Menkaure
  6752 | D:7      | Reached skill level 5 in Dodging
  7533 | D:8      | Reached XP level 10. HP: 55/58 MP: 20/22
  7629 | D:8      | Acquired Cheibriados' third power
  7785 | D:9      | Found a staircase to the Lair.
  7874 | D:9      | Found a stormy altar of Qazlal.
  7875 | D:9      | Found a blossoming altar of Fedhas.
  8188 | Lair:1   | Entered Level 1 of the Lair of Beasts
  8501 | Lair:1   | Reached skill level 1 in Armour
  8607 | Lair:1   | Acquired Cheibriados' fourth power
  8860 | Lair:1   | Reached XP level 11. HP: 63/63 MP: 26/26
  9100 | Lair:2   | Noticed Fannar
  9117 | Lair:2   | Killed Fannar
  9117 | Lair:2   | Reached skill level 10 in Invocations
  9123 | Lair:2   | Learned a level 4 spell: Enslavement
  9262 | Lair:2   | Reached skill level 1 in Hexes
  9355 | Lair:2   | Noticed Nergalle
 10106 | Lair:3   | Reached skill level 10 in Unarmed Combat
 10130 | Lair:3   | Found a staircase to the Snake Pit.
 10298 | Lair:3   | Found a staircase to the Swamp.
 10367 | Lair:3   | Found a frozen archway.
 10405 | Lair:3   | Reached skill level 5 in Hexes
 10442 | IceCv    | Entered an ice cave
 11069 | Lair:4   | Gained mutation: You regenerate. [vine stalker growth]
 11069 | Lair:4   | Reached XP level 12. HP: 69/69 MP: 27/27
 11454 | Lair:4   | Noticed a four-headed hydra
 11457 | Lair:4   | Noticed a five-headed hydra
 11460 | Lair:4   | Killed a four-headed hydra
 11608 | Lair:4   | Found a burning altar of Makhleb.
 11845 | Lair:4   | Killed a five-headed hydra
 11867 | Lair:4   | Noticed a five-headed hydra
 11871 | Lair:4   | Killed a five-headed hydra
 12003 | Lair:5   | Noticed a death yak
 12004 | Lair:5   | Noticed a death yak
 12005 | Lair:5   | Noticed a death yak
 12005 | Lair:5   | Noticed a death yak
 12019 | Lair:4   | Killed a death yak
 12070 | Lair:5   | Got an opalescent robe
 12092 | Lair:5   | Identified the +1 robe "Skatho" {Dex+5 SInv} (You found it on level 5 of the Lair of Beasts)
 12205 | Lair:5   | Reached skill level 1 in Evocations
 12391 | Lair:5   | Noticed a death yak
 12579 | Lair:5   | Noticed a five-headed hydra
 12705 | Lair:4   | Killed a death yak
 12742 | Lair:4   | Killed a death yak
 12860 | Lair:5   | Killed a death yak
 12868 | Lair:5   | Killed a death yak
 12868 | Lair:5   | Reached skill level 11 in Unarmed Combat
 12868 | Lair:5   | Reached XP level 13. HP: 39/73 MP: 24/28
 12892 | Lair:5   | Paralysed by a wasp for 3 turns
 13224 | Lair:6   | Reached skill level 5 in Evocations
 13755 | Lair:6   | Identified a scroll of acquirement
 13756 | Lair:6   | Got an ichor-stained cloak
 13762 | Lair:6   | Identified the +0 cloak of the Kettle-Drum {Int+2 Slay+2} (You acquired it on level 6 of the Lair of Beasts)
 13887 | Lair:6   | Reached skill level 12 in Unarmed Combat
 14212 | Lair:7   | Reached skill level 13 in Unarmed Combat
 14352 | Lair:7   | Found a staircase to the Slime Pits.
 14513 | Lair:7   | Noticed a five-headed hydra
 14800 | Lair:8   | Entered Level 8 of the Lair of Beasts
 14900 | Lair:8   | Reached skill level 14 in Unarmed Combat
 15154 | Lair:8   | Reached skill level 15 in Unarmed Combat
 15277 | Lair:8   | Reached skill level 16 in Unarmed Combat
 15298 | Lair:8   | Reached XP level 14. HP: 40/79 MP: 29/29
 16534 | Lair:1   | Learned a level 4 spell: Control Teleport
 16565 | D:10     | Entered Level 10 of the Dungeon
 16565 | D:10     | Found a staircase to the Orcish Mines.
 17061 | D:10     | Found a deep blue altar of Sif Muna.
 17092 | D:10     | Identified Sif Muna's Compendium of the Mountains
 18395 | Orc:1    | Entered Level 1 of the Orcish Mines
 18435 | Orc:1    | Reached skill level 10 in Fighting
 18438 | Orc:1    | Noticed Edmund
 18444 | Orc:1    | Killed Edmund
 19483 | Orc:3    | Found a staircase to the Elven Halls.
 19535 | Orc:3    | Found Khupnun's General Store.
 19543 | Orc:3    | Bought a cursed amulet of inaccuracy for 26 gold pieces
 19543 | Orc:3    | Bought a scroll of identify for 26 gold pieces
 19573 | Orc:3    | Reached skill level 5 in Armour
 19953 | Orc:3    | Found a bloodstained altar of Trog.
 20141 | Orc:4    | Entered Level 4 of the Orcish Mines
 20177 | Orc:4    | Found a roughly hewn altar of Beogh.
 20369 | Orc:4    | Found a roughly hewn altar of Beogh.
 20369 | Orc:4    | Found Ujuohiti's Magic Scroll Emporium.
 20392 | Orc:4    | Bought a scroll of identify for 34 gold pieces
 20392 | Orc:4    | Bought a scroll of summoning for 161 gold pieces
 20392 | Orc:4    | Bought a scroll of identify for 34 gold pieces
 20392 | Orc:4    | Bought a scroll of identify for 34 gold pieces
 20402 | Orc:4    | Found a glowing silver altar of Zin.
 20422 | Orc:4    | Found a roughly hewn altar of Beogh.
 20546 | Orc:4    | Found a roughly hewn altar of Beogh.
 20549 | Orc:4    | Found Qavuac's Magic Scroll Emporium.
 20570 | Orc:4    | Bought a scroll of enchant weapon for 97 gold pieces
 20570 | Orc:4    | Bought a scroll of identify for 26 gold pieces
 20643 | Orc:4    | Found a roughly hewn altar of Beogh.
 20790 | Orc:4    | Found a roughly hewn altar of Beogh.
 20883 | Orc:4    | Found a roughly hewn altar of Beogh.
 21158 | Orc:4    | Noticed Saint Roka
 21283 | Orc:4    | Found a roughly hewn altar of Beogh.
 21283 | Orc:4    | Found Ihijawasch's Antique Armour Emporium.
 21288 | Orc:4    | Found Doreemen's Antique Weapon Shoppe.
 21304 | Orc:4    | Bought a slimy plate armour for 644 gold pieces
 21304 | Orc:4    | Bought a pair of runed boots for 103 gold pieces
 21304 | Orc:4    | Bought a glowing ring mail for 92 gold pieces
 21314 | Orc:4    | Identified the +5 plate armour of Awnam {rPois rF++ Regen+ Slay+3} (You bought it in a shop on level 4 of the Orcish Mines)
 21453 | Orc:4    | Bought a pitted shield for 218 gold pieces
 21458 | Orc:4    | Identified the +0 shield of Ru's Reproof {rN+ Str+2} (You bought it in a shop on level 4 of the Orcish Mines)
 21465 | Orc:4    | Bought a slimy shield for 218 gold pieces
 21470 | Orc:4    | Identified the -3 shield "Gitorur" {rElec rC+ rCorr MP-9 Dex+3} (You bought it in a shop on level 4 of the Orcish Mines)
 21505 | Orc:4    | Killed Saint Roka
 21505 | Orc:4    | Reached XP level 15. HP: 39/88 MP: 30/30
 21543 | Orc:4    | Bought a scroll of enchant armour for 97 gold pieces
 21543 | Orc:4    | Bought a scroll of teleportation for 39 gold pieces
 21543 | Orc:4    | Bought a scroll of enchant armour for 97 gold pieces
 22105 | D:12     | Found Nivvywk's Assorted Antiques.
 22109 | D:12     | Bought a silver wand for 80 gold pieces
 22109 | D:12     | Bought a copper wand for 80 gold pieces
 22109 | D:12     | Bought a black potion for 18 gold pieces
 22109 | D:12     | Bought a scroll of identify for 40 gold pieces
 22109 | D:12     | Bought a scroll of identify for 40 gold pieces
 22303 | D:13     | Reached skill level 1 in Throwing
 22578 | D:13     | Found Ysaeg's Magic Scroll Shoppe.
 22584 | D:13     | Bought a scroll of identify for 26 gold pieces
 22584 | D:13     | Bought a scroll of identify for 26 gold pieces
 22584 | D:13     | Bought a scroll of identify for 26 gold pieces
 22617 | D:13     | Noticed Grum
 22627 | D:13     | Killed Grum
 23024 | D:13     | Found a gate to the Vaults.
 23288 | D:13     | Reached skill level 5 in Throwing
 23468 | D:14     | Noticed Rupert
 23469 | D:14     | Paralysed by Rupert for 5 turns
 23481 | D:14     | Killed Rupert
 23929 | D:14     | Noticed Harold
 24300 | D:15     | Entered Level 15 of the Dungeon
 24356 | D:15     | Noticed Erica
 24362 | D:15     | Killed Erica
 24429 | D:15     | Reached skill level 10 in Armour
 24456 | D:15     | Noticed Kirke
 24462 | D:15     | Killed Kirke
 24678 | D:15     | Reached XP level 16. HP: 90/93 MP: 30/30
 24690 | D:15     | Noticed Roxanne
 24734 | D:15     | Killed Roxanne
 24736 | D:15     | Identified Roxanne's Collected Works on the Mountains and Changing (You took it off Roxanne on level 15 of the Dungeon)
 24744 | D:15     | Learned a level 6 spell: Statue Form
 24882 | D:15     | Reached skill level 1 in Transmutations
 25110 | D:15     | Noticed Sonja
 25114 | D:15     | Killed Sonja
 25236 | D:15     | Killed Harold
 25331 | D:15     | Found a staircase to the Depths.
 25921 | Snake:1  | Entered Level 1 of the Snake Pit
 26047 | Snake:1  | Found Buciacugh's Assorted Antiques.
 26052 | Snake:1  | Bought a small peridot amulet for 110 gold pieces
 26052 | Snake:1  | Bought 2 smoky cyan potions for 39 gold pieces
 26333 | Snake:2  | Found Twai's Antique Armour Shoppe.
 27085 | Snake:3  | Reached skill level 5 in Transmutations
 27133 | Snake:3  | Reached skill level 10 in Dodging
 28425 | Snake:4  | Reached XP level 17. HP: 54/97 MP: 22/31
 28478 | Snake:4  | Noticed Asterion
 28484 | Snake:4  | Killed Asterion
 28813 | D:13     | Bought a scroll of acquirement for 676 gold pieces
 28814 | D:13     | Got a slimy cloak
 28825 | D:13     | Identified the +2 cloak of the Guardian {+Inv MR+} (You acquired it on level 13 of the Dungeon)
 29313 | Snake:5  | Entered Level 5 of the Snake Pit
 29968 | Snake:5  | Reached skill level 1 in Earth Magic
 30599 | Snake:5  | Reached skill level 17 in Unarmed Combat
 30721 | Snake:5  | Reached skill level 5 in Earth Magic
 30755 | Snake:5  | Got a serpentine rune of Zot
 30929 | Swamp:1  | Entered Level 1 of the Swamp
 31277 | Swamp:1  | Reached XP level 18. HP: 105/105 MP: 32/32
 32767 | Swamp:3  | Reached skill level 10 in Transmutations
 32768 | Swamp:3  | Noticed Aizul
 32771 | Swamp:3  | Reached skill level 18 in Unarmed Combat
 32788 | Swamp:3  | Killed Aizul
 34160 | Swamp:5  | Entered Level 5 of the Swamp
 34235 | Swamp:5  | Noticed Wiglaf
 34329 | Swamp:5  | Killed Wiglaf
 34699 | Swamp:5  | Noticed Agnes
 34922 | Swamp:5  | Killed Agnes
 35021 | Swamp:5  | Reached XP level 19. HP: 108/112 MP: 32/32
 35039 | Swamp:5  | Noticed the 27-headed Lernaean hydra
 35047 | Swamp:5  | Killed the 27-headed Lernaean hydra
 35324 | Swamp:5  | Got a decaying rune of Zot
 35629 | Vaults:1 | Entered Level 1 of the Vaults
 37041 | Vaults:2 | Reached skill level 1 in Translocations
 37116 | Vaults:2 | Found a staircase to the Crypt.
 37319 | Vaults:2 | Reached skill level 5 in Translocations
 37601 | Vaults:2 | Reached XP level 20. HP: 117/117 MP: 35/35
 37786 | Vaults:3 | Reached skill level 1 in Charms
 38216 | Vaults:3 | HP: 4/118 [vault guard/war axe of freezing[a vault warden] (5)]
 38216 | Vaults:3 | Annihilated by a vault warden

Action                   |  1- 3 |  4- 6 |  7- 9 | 10-12 | 13-15 | 16-18 | 19-21 || total
-------------------------+-------+-------+-------+-------+-------+-------+-------++-------
Melee: Unarmed           |    95 |   154 |   346 |   629 |  1147 |  1199 |   526 ||  4096
Throw: Stone             |    80 |    63 |    62 |   146 |    73 |     1 |       ||   425
       Tomahawk          |       |       |    40 |       |    80 |    20 |    11 ||   151
       Javelin           |       |       |       |       |    29 |    30 |       ||    59
 Cast: Enslavement       |       |       |       |     1 |       |       |       ||     1
Invok: Bend Time         |       |       |       |     4 |       |       |       ||     4
       Slouch            |       |       |       |     5 |    15 |     7 |     3 ||    30
 Abil: Evoke Flight      |       |       |       |       |     1 |       |       ||     1
Evoke: Wand              |       |     1 |     8 |     5 |     8 |    12 |     4 ||    38
       Phial of floods   |       |       |       |       |     1 |     3 |       ||     4
       Sack of spiders   |       |       |       |       |     1 |     1 |       ||     2
  Use: Scroll            |       |       |    16 |    10 |    27 |    15 |     1 ||    69
       Potion            |       |       |     1 |       |     1 |       |     1 ||     3
 Stab: Sleeping          |     2 |     3 |     6 |    15 |     7 |       |       ||    33
       Distracted        |       |       |       |     1 |     2 |     2 |       ||     5
       Invisible         |       |       |       |       |       |     7 |     7 ||    14
       Confused          |       |       |       |       |       |       |     1 ||     1
  Eat: Chunk             |     4 |     4 |    11 |    12 |    24 |    17 |     3 ||    75
       Pizza             |       |       |       |     1 |       |     1 |       ||     2
       Fruit             |       |       |       |       |     2 |       |       ||     2
       Beef jerky        |       |       |       |       |     1 |     1 |       ||     2
       Royal jelly       |       |       |       |       |     1 |       |       ||     1
       Meat ration       |       |       |       |       |       |     1 |       ||     1
       Bread ration      |       |       |       |       |       |       |     1 ||     1
